[Event "FIDE WY-U16 Olympiad 2022"]
[Site "Nakhchivan"]
[Date "2022.10.02"]
[Round "1.1"]
[White "Daneshvar, Bardiya"]
[Black "Omonov, Asrorjon"]
[Result "1-0"]
[ECO "A13"]
[WhiteElo "2516"]
[BlackElo "2016"]
[Annotator "TA"]
[PlyCount "71"]
[EventDate "2022.10.02"]
[EventType "team-tourn"]
[EventCountry "AZE"]
[SourceTitle "playchess.com"]
[Source "ChessBase"]
[SourceQuality "1"]
[WhiteTeam "Iran"]
[BlackTeam "Uzbekistan"]
[WhiteTeamCountry "IRI"]
[BlackTeamCountry "UZB"]
[TimeControl "40/5400+30:1800+30"]

1. Nf3 Nf6 2. c4 e6 3. g3 d5 4. Bg2 dxc4 5. Qa4+ Bd7 6. Qxc4 Bc6 7. O-O Nbd7 8. d4 Be7 {[%emt 0:03:55] E02: Open Catalan: 5 Qa4+.} 9. Qc2 O-O (9... Be4 $5 10. Qd1 c5 $11) 10. Nc3 a6 (10... Bb4 $14) 11. e4 $16 {[%emt 0:04:22][%cal Be2e4,Be4e5][%mdl 32] [#]} b5 $146 {[%emt 0:34:43] [#]} ({Predecessor:} 11... Nb6 12. Bf4 Rc8 13. Rfd1 Nh5 14. Be3 f5 15. Ne5 f4 16. Bc1 fxg3 17. fxg3 Be8 {1-0 (28) Von der Linden,A (1777)-Hobert,M (1646) Wuerzburg 2007}) 12. d5 $1 exd5 13. e5 ({Don't take} 13. Nd4 Bb7) 13... Ne8 (13... Ne4 $16) 14. e6 Nb8 (14... Ndf6 {was necessary.}) 15. exf7+ $18 Rxf7 16. Ne5 Nf6 17. Nxf7 Kxf7 18. Rd1 Qd7 19. Be3 {[%emt 0:03:30] [#] And now Bd4 would win.} b4 20. Ne4 Qd8 (20... Kg8 $142 21. Nxf6+ Bxf6) 21. Ng5+ Kg8 22. Bd4 {[%emt 0:00:23] Hoping for Bxf6.} g6 23. Qe2 Qd7 24. Re1 Bd8 25. Bh3 Qd6 26. Be6+ Kg7 27. Nf7 {[%emt 0:00:06] Qe3 would kill now.} Qf8 28. Nxd8 Qxd8 29. Rac1 a5 30. g4 {[%emt 0:00:32] Threatening mate with g5.} h6 31. Qe5 {[%emt 0:00:54] Strongly threatening g5.} Qe7 32. h4 (32. g5 $142 hxg5 33. Qxg5 Nbd7 34. Bxd7 Qd6 35. Rxc6 Qxh2+ 36. Kxh2 Rh8+ 37. Kg2 Rf8 38. Re7+ Rf7 39. Qxf6+ Kh7 40. Qxg6#) 32... Nbd7 {[%emt 0:00:30] White is clearly winning.} 33. Bxd7 {[%emt 0:00:15] A strong pair of Bishops.} Qxe5 34. Bxe5 Bxd7 35. Rxc7 Rd8 36. g5 {[%emt 0:00:06] Black got outplayed after the opening.  Weighted Error Value: White=0.12 (very precise) /Black=1.11} 1-0

[Event "FIDE WY-U16 Olympiad 2022"]
[Site "Nakhchivan"]
[Date "2022.10.02"]
[Round "1.1"]
[White "Seyid, Huseyn"]
[Black "Hidalgo Diaz, Daniel"]
[Result "1/2-1/2"]
[ECO "D37"]
[WhiteElo "2097"]
[BlackElo "2315"]
[Annotator "TA"]
[PlyCount "57"]
[EventDate "2022.10.02"]
[EventType "team-tourn"]
[EventCountry "AZE"]
[SourceTitle "playchess.com"]
[Source "ChessBase"]
[SourceQuality "1"]
[WhiteTeam "Azerbaijan"]
[BlackTeam "Cuba"]
[WhiteTeamCountry "AZE"]
[BlackTeamCountry "CUB"]
[TimeControl "40/5400+30:1800+30"]

1. d4 d5 2. c4 e6 3. Nf3 Nf6 4. Nc3 Be7 5. Bf4 O-O 6. e3 b6 7. Bd3 Bb7 8. cxd5 exd5 9. O-O c5 10. Rc1 Nbd7 11. Ne5 Nxe5 12. dxe5 {[%emt 0:01:29] D37: Queen's Gambit Declined: 5 Bf4.} Ne8 (12... Ne4 $11 {remains equal.}) 13. Qc2 {[%emt 0:07:29] White is much more active.} h6 14. Rfd1 {[%emt 0:01:43] White is slightly better.} Nc7 15. Be4 Qd7 $1 16. Rd2 {[%emt 0:18:59] [#]} Qe6 $146 ({Predecessor:} 16... Rad8 17. Rcd1 Qe6 18. Bf3 Ba8 19. Bg3 g6 20. Ne2 g5 21. h3 Rfe8 22. Bh2 Bf8 {1-0 (55) Hassan,A (2359)-Ayyad,M (2092) Dubai 2003}) 17. Bf3 b5 18. Rcd1 Rfd8 19. h3 a5 20. Ne2 Qb6 21. Bg3 c4 $1 22. Nf4 Bb4 23. Rd4 Bc5 $1 (23... Ne6 24. Nxd5 Nxd4 25. Rxd4 Bxd5 26. Bxd5 $14) 24. R4d2 Bb4 25. Rd4 Bc5 $1 ({Much less strong is} 25... Ne6 26. Nxd5 Nxd4 27. Rxd4 Bxd5 28. Bxd5 $14) 26. R4d2 Bb4 27. Rd4 Bc5 $1 ({But not} 27... Ne6 28. Nxd5 Nxd4 29. Rxd4 Bxd5 30. Bxd5 $14) 28. R4d2 Bb4 29. Rd4 {[%emt 0:00:02] Weighted Error Value: White=0.17 (very precise) /Black=0.08 (flawless)} 1/2-1/2

[Event "FIDE WY-U16 Olympiad 2022"]
[Site "Nakhchivan"]
[Date "2022.10.02"]
[Round "1.2"]
[White "Gonzalez Soler, Leduard Manuel"]
[Black "Hasanli, Rza"]
[Result "1-0"]
[ECO "A45"]
[WhiteElo "2251"]
[BlackElo "1566"]
[Annotator "TA"]
[PlyCount "92"]
[EventDate "2022.10.02"]
[EventType "team-tourn"]
[EventCountry "AZE"]
[SourceTitle "playchess.com"]
[Source "ChessBase"]
[SourceQuality "1"]
[WhiteTeam "Cuba"]
[BlackTeam "Azerbaijan"]
[WhiteTeamCountry "CUB"]
[BlackTeamCountry "AZE"]
[TimeControl "40/5400+30:1800+30"]

1. d4 Nf6 2. Bg5 d5 3. Bxf6 gxf6 4. e3 c5 5. dxc5 e5 {[%emt 0:00:37] [#]} (5... Nc6 $11) 6. Qf3 $146 {[%emt 0:00:48] D00: 1 d4 d5: Unusual lines.} ({Predecessor:} 6. c4 d4 7. exd4 exd4 8. Nf3 Bxc5 9. Bd3 Nc6 10. O-O Kf8 11. Qc1 h6 12. Qf4 Qd6 13. Qxd6+ Bxd6 {½-½ (56) Koellner,R (2440)-Clarke,B (2445) Chess.com INT 2022}) 6... Bxc5 (6... Nc6 $14) 7. Nc3 $18 d4 8. O-O-O {[%emt 0:02:59] White is clearly better.} Nc6 9. Nge2 (9. Bb5 $18 {is more deadly.}) 9... h5 10. h3 {[%emt 0:05:04] Prevents Bg4.} ({White should play} 10. exd4 $1 $16 Bxd4 11. Nxd4 Nxd4 12. Qe3) 10... f5 (10... Be6 $1 $14) 11. exd4 $16 exd4 12. Nd5 Be6 13. Nef4 Bxd5 14. Nxd5 Qg5+ 15. Kb1 {[%emt 0:01:25] White is more active.} O-O-O 16. Bd3 $36 {[%emt 0:05:02][%mdl 2048] White is on the roll.} Kb8 17. Bxf5 h4 18. g4 (18. Qf4+ $16 Qxf4 19. Nxf4) 18... hxg3 $1 $14 19. fxg3 Ne5 20. Qf4 Qg7 21. Be4 Bd6 (21... f5 $142) 22. Qf5 ({Don't blunder} 22. Rxd4 $2 Nc6 23. Qf6 Qxf6 24. Nxf6 Nxd4 $19) (22. g4 $142) 22... Qxg3 $16 23. Rxd4 Rhg8 {[%emt 0:00:36] [#]} (23... Bc5 $16 24. Rdd1 Nc4) 24. Rhd1 (24. Nf6 $1 $18 {[%cal Rf6g8] has better winning chances.} Qe3 25. c3 (25. Rdd1 Rg3 $18) 25... Rg1+ 26. Rxg1 (26. Rd1 Rxh1 27. Bxh1 Qe2 $16) 26... Qxg1+ 27. Kc2) 24... Bc5 25. R4d2 Nc4 26. Rg2 Qe5 27. Qxe5+ Nxe5 28. Rxg8 Rxg8 29. b4 Bf2 30. Nf6 Rg1 31. Rxg1 Bxg1 {[%emt 0:00:07][%mdl 4096] Endgame KBN-KBN} 32. h4 Bd4 33. Nd5 Nd7 34. c3 Be5 35. Kc2 Nf6 (35... Bg7 $142 36. h5 Bh6) 36. Nxf6 $18 Bxf6 {[%emt 0:00:07] KB-KB} 37. h5 Bg7 38. Kd3 Kc7 39. Bd5 f5 {[%emt 0:00:27] [#]} 40. c4 $1 b6 41. Be6 f4 42. Ke4 Bh6 (42... f3 $16 43. Kxf3 Bf8) 43. Bg4 a6 (43... Kd8 $16 44. Kf5 Bg7 45. Kxf4 Ke8) 44. Kf5 {[%emt 0:00:37] Kg6 is the strong threat.} Kc6 $2 (44... Bg7 45. Kxf4 Kd6) 45. Bf3+ Kd7 46. c5 {[%emt 0:00:00] aiming for Kg6.} b5 {[%emt 0:00:00] Weighted Error Value: White=0.19 (very precise) /Black=0.25 (precise)} 1-0

[Event "FIDE WY-U16 Olympiad 2022"]
[Site "Nakhchivan"]
[Date "2022.10.02"]
[Round "1.2"]
[White "Khamdamova, Afruza"]
[Black "Mahdavi, Reza"]
[Result "1/2-1/2"]
[ECO "B85"]
[WhiteElo "2040"]
[BlackElo "2292"]
[Annotator "TA"]
[PlyCount "109"]
[EventDate "2022.10.02"]
[EventType "team-tourn"]
[EventCountry "AZE"]
[SourceTitle "playchess.com"]
[Source "ChessBase"]
[SourceQuality "1"]
[WhiteTeam "Uzbekistan"]
[BlackTeam "Iran"]
[WhiteTeamCountry "UZB"]
[BlackTeamCountry "IRI"]
[TimeControl "40/5400+30:1800+30"]

1. e4 c5 2. Nf3 e6 3. d4 cxd4 4. Nxd4 Nc6 5. Nc3 Qc7 6. Be2 a6 7. O-O Nf6 8. Be3 Be7 9. f4 d6 10. Qe1 O-O 11. Qg3 Nxd4 12. Bxd4 b5 13. a3 Bb7 14. Bd3 Rad8 {[%emt 0:00:47] B85: Sicilian Scheveningen: 6 Be2 a6, lines with early Be3.} 15. Rae1 Rd7 16. Kh1 Re8 17. e5 dxe5 18. Bxe5 Qd8 19. Qh3 g6 {[%emt 0:04:00] Inhibits f5.} 20. Re3 (20. Qh6 Nh5 21. Re3 Bf8 22. Qxh5 (22. Qg5 $2 f6 $19) 22... gxh5 $17) 20... Bc5 21. Rg3 {[%emt 0:06:19] [#]} Bd4 $146 ({Predecessor:} 21... Bf8 22. f5 exf5 23. Qxf5 Nd5 24. Ne4 Re6 25. Ng5 Rxe5 26. Qxe5 Bd6 27. Qe1 Bxg3 28. Qxg3 {½-½ (50) Valsecchi,A (2298)-Mogranzini,R (2423) Saint Vincent 2008}) 22. Qh6 Qe7 23. Ne2 Bb6 24. Rh3 {[%emt 0:16:53] [#] Hoping for Ng3.} Bd8 $1 25. Bxf6 ({Much weaker is} 25. f5 exf5 26. Bxf6 Qxf6 27. Qxh7+ Kf8 $17) 25... Qxf6 26. Qxh7+ Kf8 27. Nc3 Qg7 28. Qh8+ Qxh8 29. Rxh8+ Ke7 30. Rxe8+ Kxe8 31. Be4 Bxe4 32. Nxe4 $11 {[%emt 0:00:04][%mdl 4096] Endgame KRB-KRN} f5 33. Nc5 Rd2 34. Rc1 Bf6 35. Nd3 Ke7 36. b3 g5 37. g3 gxf4 38. gxf4 Bd4 (38... Kd6 $15) 39. a4 bxa4 40. bxa4 a5 41. Rb1 Rxc2 42. Rb5 Kf6 43. Rxa5 Rc3 44. Ne5 Be3 45. Nd7+ Kf7 46. Ne5+ Kg7 47. Rb5 ({Don't play} 47. Ra6 Bxf4 48. Nc6 (48. Rxe6 $2 Re3 $19) 48... Rd3 $17) 47... Bxf4 48. a5 $1 Kf6 49. Nd7+ Kg5 {[%emt 0:00:07] ...Rc2 is the strong threat.} 50. Kg2 Ra3 51. Nc5 {[%emt 0:00:21] The position is equal.} Kg4 {[%emt 0:02:09] [#] And now ...e5 would win.} 52. Nxe6 {[%emt 0:00:38][%cal Oh2h3] Strongly threatening h3+!} Ra2+ 53. Kf1 Be3 54. h3+ Kxh3 55. Rxf5 {[%emt 0:00:04] Weighted Error Value: White=0.11 (very precise) /Black=0.11 (very precise)} 1/2-1/2

[Event "FIDE WY-U16 Olympiad 2022"]
[Site "Nakhchivan"]
[Date "2022.10.02"]
[Round "1.3"]
[White "Movahed, Sina"]
[Black "Abdukhakimov, Akbarali"]
[Result "1-0"]
[ECO "B51"]
[WhiteElo "2345"]
[BlackElo "1815"]
[Annotator "TA"]
[PlyCount "137"]
[EventDate "2022.10.02"]
[EventType "team-tourn"]
[EventCountry "AZE"]
[SourceTitle "playchess.com"]
[Source "ChessBase"]
[SourceQuality "1"]
[WhiteTeam "Iran"]
[BlackTeam "Uzbekistan"]
[WhiteTeamCountry "IRI"]
[BlackTeamCountry "UZB"]
[TimeControl "40/5400+30:1800+30"]

1. e4 c5 2. Nf3 d6 3. Bb5+ Nd7 4. a4 Ngf6 5. Nc3 a6 6. Be2 {[%emt 0:00:09] B51: Sicilian: Moscow Variation (3 Bb5+) without 3...Bd7.} e6 7. O-O Be7 8. d4 {[%emt 0:00:30] White has an edge.} cxd4 9. Qxd4 O-O 10. Rd1 Qc7 11. a5 Ne5 {[%emt 0:14:55] [#]} 12. Be3 $146 ({Predecessor:} 12. Nxe5 dxe5 13. Qc4 Qxc4 14. Bxc4 Bd7 15. Be3 Rac8 16. Bd3 Bc5 17. Bxc5 Rxc5 18. f3 {½-½ (107) Buksa,N (2401)-Dzagnidze,N (2531) Warsaw 2021}) 12... Nxf3+ 13. Bxf3 e5 14. Qd2 Be6 15. Na4 Qc6 16. Nb6 Rae8 17. Ra4 Nd7 18. Rb4 Nc5 19. b3 Rd8 (19... Rb8 $142) 20. Nd5 $16 Bxd5 21. Qxd5 ({Don't do} 21. exd5 Qc8 $14) 21... Qxd5 22. Rxd5 Rc8 (22... Rb8 $16) 23. Bxc5 $18 Rxc5 24. Rxb7 Bd8 25. b4 Rxc2 26. Rxd6 Rb2 27. Rbd7 Bg5 {[%emt 0:00:17] [#]} 28. g3 $1 Rxb4 29. Rxa6 Ra4 (29... Rb1+ $142 30. Kg2 Rb2) 30. h4 Bf6 (30... Bd8 $142 31. Rd5 Be7 32. Rxe5 Bb4) 31. Raa7 {[%emt 0:00:17] a6 is the strong threat.} g6 $2 (31... Bd8 32. Rd5 g6 33. Rxe5 Bf6) 32. a6 Bd8 33. Rd6 {[%emt 0:02:25] Against Bb6} Ba5 34. Bd1 Ra1 35. Kg2 Bb4 36. Rd5 Bc3 37. Be2 Bd4 38. Rc7 Ra2 39. Bc4 Rxf2+ 40. Kh3 Rc2 41. Rdd7 Bb6 $2 (41... Kh8 42. Bd5 Rxc7 43. Rxc7 h5) 42. Bxf7+ Rxf7 43. Rxf7 Bxc7 44. a7 {[%emt 0:00:05] Rd7 would kill now.} Kxf7 45. a8=Q {[%emt 0:00:07][%mdl 4096] Endgame Inhibits Ra2. KQ-KRB} h5 46. Qc8 Rc5 47. Qd7+ Kf6 48. Qd2 {[%emt 0:00:00] Inhibits Rc2.} Rc4 49. Qd7 $2 (49. Kh2 $18) 49... Rc2 $2 (49... Rc5 $1 $11 50. Qd2 Kg7) 50. Qd3 Rc6 51. g4 hxg4+ 52. Kxg4 Bb6 53. Qd7 Re6 54. Qc8 {[%emt 0:00:00][%cal Rc8f8] White is more active.} Kf7 {[%emt 0:00:00] Prevents Qf8+.} 55. Qh8 Rf6 $2 (55... Bd4 $16 56. Qh7+ Ke8) 56. Qh7+ Ke6 57. Qb7 Bd4 58. Qb3+ (58. Qc7 $142) 58... Ke7 {[%emt 0:01:27] [#]} 59. Kg5 $1 {[%emt 0:00:00] Threatening mate with Qb7+.} Rf4 $2 (59... Re6 60. Qa3+ Kd7) 60. Kxg6 {[%emt 0:00:00] aiming for h5.} Rg4+ 61. Kf5 Rf4+ 62. Kg5 {[%emt 0:00:00] White threatens h5 and mate.} Rf2 63. h5 {[%emt 0:00:00] And now Qg3 would win.} Rg2+ 64. Kh6 Rg1 65. Kh7 Rg2 66. h6 (66. Qa3+ $142 Ke8 67. h6) 66... Rg1 {[%emt 0:00:31] [#]} 67. Qg8 $3 {[%emt 0:00:00][%cal Og8g1][%mdl 512] Intending Qxg1! and mate.} Kf6 {[%emt 0:00:30] [#]} (67... Rh1 68. Qg7+) 68. Qxg1 $3 Bxg1 69. Kg8 {[%emt 0:00:00] Weighted Error Value: White=0.29 (precise) /Black=0.37} 1-0

[Event "FIDE WY-U16 Olympiad 2022"]
[Site "Nakhchivan"]
[Date "2022.10.02"]
[Round "1.3"]
[White "Abdullabayli, Rajab"]
[Black "Hernandez Izquierdo, Jose A."]
[Result "1/2-1/2"]
[ECO "B41"]
[WhiteElo "1506"]
[BlackElo "2140"]
[Annotator "TA"]
[PlyCount "136"]
[EventDate "2022.10.02"]
[EventType "team-tourn"]
[EventCountry "AZE"]
[SourceTitle "playchess.com"]
[Source "ChessBase"]
[SourceQuality "1"]
[WhiteTeam "Azerbaijan"]
[BlackTeam "Cuba"]
[WhiteTeamCountry "AZE"]
[BlackTeamCountry "CUB"]
[TimeControl "40/5400+30:1800+30"]

1. e4 c5 2. Nf3 e6 3. d4 cxd4 4. Nxd4 a6 5. c4 Nf6 6. Nc3 Qc7 7. a3 Be7 8. Be2 {[%emt 0:00:23] B41: Sicilian: Kan Variation: 5 c4.} b6 9. O-O Bb7 10. f3 {[%emt 0:00:10] White is slightly better.} O-O 11. Kh1 {[%emt 0:00:43] [#]} Rd8 $146 ({Predecessor:} 11... d6 12. Be3 Nbd7 13. Qd2 Rac8 14. Rfc1 Qb8 15. Bf1 Rfe8 16. Bg1 Bf8 17. b4 g6 {1-0 (31) Lupulescu,C (2571)-Thesing,M (2410) Bucharest 2006}) 12. Be3 d5 (12... d6 $14 {should be considered.}) 13. cxd5 $16 exd5 14. Rc1 dxe4 15. Nxe4 (15. fxe4 $16 {[%cal Oc3d5] And now Nd5! would win.} Bc5 16. Bc4 Bxd4 17. Nd5 Bxd5 18. Bxd5) 15... Qe5 16. Bc4 (16. Nxf6+ Bxf6 17. Qb3 Nd7 $11) 16... b5 (16... Nxe4 17. fxe4 Qxe4 18. Qe2 $16) 17. Qb3 (17. Nxf6+ $2 Bxf6 18. Qb3 bxc4 $19) 17... Nd5 18. Bf2 Nd7 19. Bg3 Qxd4 $17 20. Rfd1 bxc4 21. Qxb7 {[%emt 0:00:09] [#]} Qb6 22. Qxd5 $11 Qxb2 ({Black should try} 22... Nf8 $11 23. Qxc4 Qxb2) 23. Bc7 $1 $36 {[%emt 0:01:25][%mdl 2048] Black must now prevent Nd6. White has some pressure.} ({Of course not} 23. Qxc4 Nb6 24. Qf1 Qxa3 $11) 23... Nb6 24. Qc6 Rxd1+ 25. Rxd1 Qb3 (25... Rc8 $1 $14) 26. Re1 $18 Rc8 27. Qxb6 Qxb6 28. Bxb6 Bxa3 {[%emt 0:00:07] [#]} 29. Bc5 $1 {[%emt 0:03:26][%mdl 512] Inhibits Bb4.} Bxc5 (29... Rxc5 30. Nxc5) 30. Nxc5 {[%emt 0:00:04][%mdl 4096] Endgame KRN-KR} a5 31. Na4 f6 32. Rc1 Rb8 33. h3 Rb4 34. Nc3 Kf7 35. Nd5 Rb5 36. Nc3 Rb4 37. Nd5 Rb5 38. Ne3 a4 39. Nxc4 Ke6 {[%emt 0:03:27] Inhibits Nd6.} 40. Ne3 Rb3 41. Nc2 {[%emt 0:30:26] Hoping for Nd4+.} Kd6 42. Nd4 Rb4 43. Nf5+ Kd5 44. Rc7 ({Don't play} 44. Nxg7 a3 45. Ra1 Ra4 $16) 44... g6 (44... Rb1+ $142 45. Kh2 g6) 45. Ne3+ Kd6 {[%emt 0:00:25] Strongly threatening ...Rb1+.} 46. Rxh7 Rb3 47. Nc2 ({Resist} 47. Nc4+ $6 Kc5 $18) 47... Rb2 48. Ne3 (48. Na3 $18 {Nc4+ is the strong threat.} Kc5 49. Rh4) 48... Kc5 (48... Rb3 $11 {and Black has nothing to worry.}) 49. Ra7 Rb4 50. Ng4 $2 (50. Nc2 $18 Rb2 51. Rc7+ Kb6 52. Rc8 Rb1+ 53. Kh2) 50... Kb6 $1 $11 {[%emt 0:00:00] The position is equal.} 51. Ra8 Kb7 {[%emt 0:00:00] Inhibits Rc8.} 52. Rxa4 Rxa4 53. Nxf6 {[%emt 0:00:00] KR-KN} Kc6 54. Kh2 Kd6 55. Kg3 Ke5 56. Ne4 Kf5 57. h4 Ra1 58. Nd6+ Ke6 59. Nc4 Ra4 60. Ne3 Ra3 61. Ng4 Kf5 62. Nh6+ Kf6 63. Kh3 Rc3 (63... Kg7 $5 64. Ng4 $8 Kf7 $11) 64. Kg3 Ra3 (64... Kg7 $5 65. Ng4 $8 Kf7 $11) 65. Ng4+ Kf5 66. Nf2 Ra2 67. Ne4 Re2 68. Nf2 Ra2 {[%emt 0:00:00] White really could win this.  Weighted Error Value: White=0.32/Black=0.27 (precise)} 1/2-1/2

[Event "FIDE WY-U16 Olympiad 2022"]
[Site "Nakhchivan"]
[Date "2022.10.02"]
[Round "1.4"]
[White "Caballero Ramos, Greter"]
[Black "Humbatova, Nazli"]
[Result "1/2-1/2"]
[ECO "C01"]
[WhiteElo "1912"]
[BlackElo "1632"]
[Annotator "TA"]
[PlyCount "80"]
[EventDate "2022.10.02"]
[EventType "team-tourn"]
[EventCountry "AZE"]
[SourceTitle "playchess.com"]
[Source "ChessBase"]
[SourceQuality "1"]
[WhiteTeam "Cuba"]
[BlackTeam "Azerbaijan"]
[WhiteTeamCountry "CUB"]
[BlackTeamCountry "AZE"]
[TimeControl "40/5400+30:1800+30"]

1. e4 e6 2. d4 d5 3. exd5 exd5 4. Bd3 Bd6 5. Qf3 Nc6 6. c3 Be6 7. Ne2 {[%emt 0:02:34] 7.Bf4 is not played anymore.} Qd7 8. Bf4 O-O-O {[%emt 0:03:32] C01: French: Exchange Variation.} 9. Bxd6 Qxd6 10. O-O {[%emt 0:05:10] [#]} Qd7 $146 {[%emt 0:10:19] White is slightly better.} ({Predecessor:} 10... Nf6 11. Nd2 Bg4 12. Bf5+ Bxf5 13. Qxf5+ Kb8 14. Rfe1 g6 15. Qf4 Rhe8 16. Qxd6 Rxd6 17. Nf4 Rdd8 {½-½ (17) Montero Martinez,C (2089)-Sorensen,B (2263) Marianske Lazne 2016}) 11. Nd2 Nge7 12. Nb3 b6 {[%emt 0:12:52] Prevents Nc5.} 13. Ba6+ Kb8 14. Qd3 Ka8 15. Qb5 Rb8 16. Nf4 Bf5 17. Rfe1 g5 18. Nd3 f6 {[%emt 0:08:18] Against Ne5} 19. Re3 Qd6 20. Rae1 Bd7 {[%emt 0:02:31] [#]} 21. Qa4 $2 (21. Nbc5 $1 $14 {keeps the upper hand.} Be8 (21... bxc5 22. dxc5) 22. Ne6) 21... Nf5 $19 22. Rh3 Ncxd4 23. Qb4 (23. Qa3 $17 {nothing else works.} Nc2 24. Qxd6 Nxd6 25. Re2 Bxh3 26. gxh3) 23... Nxb3 (23... c5 $142 24. Nbxc5 bxc5 25. Qxc5 Qxa6 26. cxd4 g4 27. Qxd5+ Bc6 28. Qxf5 gxh3 29. Qxh3 Rhg8) 24. Qxb3 h5 25. Nb4 c6 26. Rd3 Rbe8 27. Red1 Re5 28. Nc2 Qc7 (28... Qe7 $19 {Strongly threatening ...h4.} 29. Rf1 Nd6) 29. c4 $17 dxc4 (29... Ne7 $17 30. Ne3 Be6) 30. Bxc4 (30. Qxc4 $11 {remains equal.} Bc8 31. Bxc8 Qxc8 32. Qf7) 30... Bc8 {[%emt 0:00:29] aiming for ...b5.} 31. Qc3 Be6 $2 (31... b5 $17 32. Bb3 a5) 32. Bxe6 $14 Rxe6 33. Rd7 Qb8 (33... Qc8 $142) 34. Nb4 {[%emt 0:00:26] White is more active.} (34. g3 $1 $16 {And now Qf3 would win.} g4 35. Qc4) 34... Rc8 (34... Qc8 $1 $14) 35. Qc4 ({Better is} 35. Qd3 $18) 35... Qe5 {[%emt 0:00:30] [#]} (35... Rce8 $2 36. Nxc6 Nd4 37. Qxe6 (37. Rxa7+ $2 Qxa7 38. Qxe6 Rxe6 $19) 37... Nxe6 38. Nxb8 Kxb8 39. Rf7 $18) (35... Rd6 $16 {is a better defense.}) 36. Rxa7+ $2 Kxa7 $11 {[%emt 0:00:02] The position is equal.} 37. Qa6+ Kb8 38. Qxb6+ Ka8 {[%emt 0:00:01][%cal Oe5e1] ( -> ...Qe1+!)} 39. Qa6+ Kb8 40. Qb6+ Ka8 {White used his chance.  Weighted Error Value: White=0.46/Black=0.48} 1/2-1/2

[Event "FIDE WY-U16 Olympiad 2022"]
[Site "Nakhchivan"]
[Date "2022.10.02"]
[Round "1.4"]
[White "Shokirjonova, Barchinoy"]
[Black "Karimi, Setayesh"]
[Result "0-1"]
[ECO "D70"]
[WhiteElo "1711"]
[BlackElo "1844"]
[Annotator "NA RC COMBH"]
[PlyCount "68"]
[EventDate "2022.10.02"]
[EventType "team-tourn"]
[EventCountry "AZE"]
[SourceTitle "playchess.com"]
[Source "ChessBase"]
[SourceQuality "1"]
[WhiteTeam "Uzbekistan"]
[BlackTeam "Iran"]
[WhiteTeamCountry "UZB"]
[BlackTeamCountry "IRI"]
[TimeControl "40/5400+30:1800+30"]

1. d4 Nf6 2. c4 g6 3. Nf3 Bg7 4. g3 d5 5. cxd5 Nxd5 6. Bg2 Nb6 7. O-O Nc6 8. e3 O-O 9. Nc3 Re8 10. d5 Na5 11. Qc2 c6 12. dxc6 Nxc6 13. Rd1 Bd7 14. e4 Qc8 15. Be3 Nc4 16. Qe2 Nxe3 17. Qxe3 Bh3 18. Bh1 Rd8 19. Rxd8+ Qxd8 20. Rd1 Qb6 21. Qxb6 axb6 22. Ng5 Bg4 23. f3 Bc8 24. Nd5 Bd4+ 25. Kf1 h6 26. Nxe7+ Nxe7 27. Rxd4 hxg5 28. Rd8+ Kg7 29. Bg2 Nc6 30. Re8 Rb8 31. f4 gxf4 32. gxf4 Bh3 33. Rxb8 Bxg2+ 34. Kxg2 Nxb8 0-1

[Event "FIDE WY-U16 Olympiad 2022"]
[Site "Nakhchivan"]
[Date "2022.10.02"]
[Round "1.5"]
[White "Tarhan, Adar"]
[Black "Teh, Rui Gen"]
[Result "0-1"]
[ECO "B36"]
[WhiteElo "2320"]
[BlackElo "1756"]
[Annotator "TA"]
[PlyCount "110"]
[EventDate "2022.10.02"]
[EventType "team-tourn"]
[EventCountry "AZE"]
[SourceTitle "playchess.com"]
[Source "ChessBase"]
[SourceQuality "1"]
[WhiteTeam "Turkey"]
[BlackTeam "Malaysia"]
[WhiteTeamCountry "TUR"]
[BlackTeamCountry "MAS"]
[TimeControl "40/5400+30:1800+30"]

1. e4 c5 2. Nf3 g6 3. d4 cxd4 4. Nxd4 Nc6 5. c4 Nf6 6. Nc3 d6 7. Be2 Nxd4 8. Qxd4 Bg7 9. Be3 O-O 10. Qd2 Be6 11. O-O Qa5 12. Rac1 Rfc8 13. b3 a6 14. f4 b5 15. f5 {[%emt 0:04:12] B36: Sicilian: Maroczy Bind: Gurgenidze System.} ({Of course not} 15. cxb5 axb5 16. Qd3 Bd7 $11) 15... Bd7 16. fxg6 (16. Bf3 $5 ) 16... hxg6 17. e5 {[%emt 0:10:42] The position is equal.} b4 18. exf6 bxc3 19. Rxc3 Bxf6 20. Rxf6 exf6 21. Bf3 ({White should try} 21. h4 $11) 21... Bc6 $1 $15 22. Bd4 $2 (22. Bg4 $1 $15) 22... Bxf3 $19 {[%emt 0:06:33] [#]} 23. Bxf6 $146 (23. Qf4 {might work better.} Re8 24. Rxf3 Re1+ 25. Kf2) ({Predecessor:} 23. Qf4 Qg5 24. Qxf3 Re8 25. Qxf6 Re1+ 26. Kf2 Qxf6+ 27. Bxf6 Rae8 28. Rc2 R1e6 29. Bb2 {½-½ (40) Spassky,B-Panno,O Palma de Mallorca 1969}) 23... Re8 $1 24. gxf3 {[%emt 0:01:42] And now Qh6 would win.} Qf5 {[%emt 0:05:36] Really sharp!} 25. Bd4 {[%emt 0:04:49] [#]} Re6 $1 {[%emt 0:07:22] aiming for ...Rae8.} 26. Re3 Rae8 27. Rxe6 Rxe6 {[%emt 0:00:07][%mdl 4096] Endgame KQR-KQB} 28. Kg2 {[%emt 0:00:12] [#]} g5 {[%emt 0:02:22][%cal Bg6g5,Bg5g4][%mdl 32] Hoping for ...g4.} 29. Bf2 g4 30. f4 (30. Qd5 {was worth a try.} Qxd5 31. cxd5 gxf3+ 32. Kg3) 30... Qe4+ 31. Kg1 Qb1+ 32. Kg2 Qe4+ $2 (32... Qf5 33. Qd4 Rh6) 33. Kg1 Qf3 {[%emt 0:01:02][%cal Og4g3] Strongly threatening ...g3!} 34. Qa5 Qxf4 {[%emt 0:01:07] White must now prevent ...Re2.} ({Don't go for} 34... Qd1+ $2 35. Kg2 $19) 35. Qxa6 (35. Qd8+ $142 Kg7 36. Qh4) 35... Re2 36. Qa8+ Kg7 37. Qa7 Rd2 {[%emt 0:01:10] ( -> ...Rd1+)} 38. Qe3 Qxe3 39. Bxe3 Rxa2 {[%emt 0:00:10] KR-KB} 40. Bf4 Rb2 41. c5 Rxb3 42. Bxd6 Kf6 {[%emt 0:00:20] Black mates.} 43. c6 Ke6 44. c7 Rc3 45. Bg3 Rc2 46. Kf1 Kd5 47. Ke1 Ke4 48. Kd1 Rc4 49. Kd2 f5 50. Bd6 Rc6 51. Ke2 f4 52. Kf2 Rc2+ 53. Ke1 Ke3 54. Kd1 Rc6 55. Be5 Ke4 {Weighted Error Value: White=0.73/Black=0.23 (precise)} 0-1